 Dungeon Crawl Stone Soup version 0.26-a0-259-g1effd001a9 (webtiles) character file.

Game seed: 13129304374071870386

57399 sanka the Warrior (level 14, -12/124 HPs)
             Began as a Barachi Ice Elementalist on July 14, 2020.
             Was a High Priest of Vehumet.
             Killed from afar by a wretched star (18 damage)
             ... with a lance of force
             ... on level 1 of the Abyss.
             The game lasted 00:49:30 (22607 turns).

sanka the Warrior (Barachi Ice Elementalist)       Turns: 22607, Time: 00:49:30

Health: -12/124    AC:  9    Str: 19    XL:     14   Next: 86%
Magic:  0/23       EV: 26    Int: 17    God:    Vehumet [*****.]
Gold:   1359       SH:  0    Dex: 23    Spells: 9/25 levels left

rFire    . . .     SeeInvis +   a - +12 short sword of Undoing {pain, Str+10 SInv Stlth-}
rCold    . . .     Faith    .   (no shield)
rNeg     + . .     Spirit   +   T - +3 troll leather armour {Snorg}
rPois    .         Reflect  .   (no helmet)
rElec    .         Harm     .   B - +0 cloak
rCorr    .                      D - +2 pair of gloves
MR       +....                  (no boots)
Stlth    +.........             r - amulet of guardian spirit
HPRegen  0.70/turn              t - ring of Zuamou {rN+ Dex+4 Slay+4}
MPRegen  0.18/turn              I - +6 ring of dexterity

@: frozen ramparts, slow
A: +LOS, swims, [deformed body], [deterioration 2], [dopey 2], slowness 1,
strong legs 2
a: Hop, Renounce Religion


You were on level 1 of the Abyss.
You worshipped Vehumet.
Vehumet was extremely pleased with you.
You were not hungry.

You visited 3 branches of the dungeon, and saw 19 of its levels.
You visited the Abyss 1 time.

You collected 1665 gold pieces.
You spent 306 gold pieces at shops.


Innate Abilities, Weirdness & Mutations

You can be seen from farther away. (+LOS)
You can swim through water.
You cover ground slowly.
You can hop long distances.
[Armour fits poorly on your strangely shaped body.]
[Your body often deteriorates upon taking damage.]
[You are very dopey. (Int -4)]


   Skills:
 + Level 15.7 Fighting
 + Level 8.4 Short Blades
 + Level 15.4 Dodging
 - Level 1.7 Stealth
 - Level 6.0 Spellcasting
 - Level 4.0 Conjurations
 - Level 4.0 Summonings
 + Level 7.0 Necromancy
 - Level 12.0 Ice Magic


You had 9 spell levels left.
You knew the following spells:

 Your Spells              Type           Power        Failure   Level
a - Ozocubu's Armour      Chrm/Ice       ####....     3%          3
u - Hailstorm             Conj/Ice       ####....     1%          4
x - Summon Ice Beast      Ice/Summ       ####....     5%          4
y - Frozen Ramparts       Ice            #####.       1%          3
z - Freeze                Ice            ####         1%          1
Z - Animate Skeleton      Necr           ####..       1%          1

Your spell library contained the following spells:

 Spells                   Type           Power        Failure   Level
 Iskenderun's Battlesphe  Conj/Chrm      ##......     41%         5
 Summon Small Mammal      Summ           ###.         3%          1
 Static Discharge         Conj/Air       ##......     5%          3
 Apportation              Tloc           #.....       16%         1
 Corona                   Hex            #......      16%         1
 Metabolic Englaciation   Hex/Ice        ####......   34%         5
 Confusing Touch          Hex            #.......     41%         3
 Gell's Gravitas          Tloc           #.........   41%         3
 Lightning Bolt           Conj/Air       ##........   41%         5
 Yara's Violent Unravell  Hex/Tmut       #.........   67%         5
 Petrify                  Tmut/Erth      #.......     83%         4
 Ignition                 Fire           #.........   100%        8
 Shatter                  Erth           #.........   100%        9
 Tornado                  Air            #.........   100%        9

Inventory:

Hand Weapons
 a - the +12 short sword of Undoing (weapon) {pain, Str+10 SInv Stlth-} In the hands of one skilled in necromantic magic, it inflicts extra damage on living creatures. It affects your strength (+10). It lets you see invisible. It makes you less stealthy.
 G - the +8 dagger "Hanez" {antimagic, *Slow rElec rC+++ Int+4}

   It reduces the magical energy of the wielder, and disrupts the spells and
   magical abilities of those hit.
   Natural abilities and divine invocations are not affected.
   It affects your intelligence (+4).
   It renders you almost immune to cold.
   It insulates you from electricity.
   It may slow you when you take damage.
Missiles
 f - 405 stones (quivered)
Armour
 y - a +0 leather armour of cold resistance
 B - a +0 cloak (worn)
 D - a +2 pair of gloves (worn)
 T - a +3 troll leather armour (worn) {Snorg}
 W - the +0 pair of gloves "Kal Deetsi" {rC+ Regen+, unknown}

   It protects you from cold.
   It increases your rate of regeneration.
Magical Staves
 O - an uncursed staff of cold
 Q - an uncursed staff of fire
Jewellery
 b - an uncursed ring of poison resistance
 r - an amulet of guardian spirit (around neck)
 t - the ring of Zuamou (left hand) {rN+ Dex+4 Slay+4}

   [ring of slaying]

   It affects your dexterity (+4).
   It affects your accuracy and damage with ranged weapons and melee attacks
   (+4).
   It protects you from negative energy.
 E - the ring of the Slug {rN+ Str+2}

   [ring of positive energy]

   It affects your strength (+2).
   It protects you from negative energy.
 I - a +6 ring of dexterity (right hand)
 R - an uncursed ring of stealth
Wands
 q - a wand of digging (8)
 A - a wand of iceblast (2)
 H - a wand of polymorph (11)
 N - a wand of flame (11)
Scrolls
 e - 4 scrolls of enchant weapon
 g - 6 scrolls of remove curse
 i - 9 scrolls of magic mapping
 j - 5 scrolls of teleportation {@r4}
 l - 2 scrolls of fog
 m - 2 scrolls of fear
 p - a scroll of summoning {unknown}
 u - 2 scrolls of vulnerability {unknown}
 x - 4 scrolls of enchant armour
 z - a scroll of identify {@r1}
 F - a scroll of torment {!r}
 K - 2 scrolls of blinking
 S - a scroll of amnesia {unknown}
Potions
 d - 2 potions of haste {@q3}
 h - 2 potions of cancellation {unknown}
 k - 9 potions of heal wounds {@q2}
 n - 3 potions of mutation {unknown}
 o - a potion of resistance
 s - 2 potions of lignification {!q}
 v - 5 potions of curing {@q1}
 w - a potion of flight
 C - 2 potions of ambrosia
 J - 3 potions of stabbing {unknown}
 M - 2 potions of brilliance {unknown}
 P - a potion of might {unknown}
 U - a potion of invisibility {unknown}
Miscellaneous
 L - a lightning rod (4/4)
 V - a box of beasts
Comestibles
 c - 60 rations

Dungeon Overview and Level Annotations

Branches:
Dungeon (11/15)            Temple (0/1) D:6            Lair (6/6) D:8
 Shoals (0/4) Lair:4       Spider (0/4) Lair:2        Slime (0/5) Lair:5
    Orc (2/2) D:9             Elf (0/3) Orc:2

Altars:
Gozag
Kikubaaqudgha
Makhleb
Ru
Trog
Vehumet
The Shining One
Beogh

Shops:
D:2 *   D:8 ?   Orc:2 ![(}(

Portals:
Hell: Lair:6

Annotations:
D:4 2 transporters, Nebesus's ghost, amateur DrFi
Lair:2 3 runed translucent doors, Gibetzo's ghost, journeyman GnSk
Lair:4 exclusion: 4 oklob plants
Orc:1 Sonja

. . ▒.▒▒.▒ . .. ▒.
..▒.▒...▒.▒▒.▒▒
.▒.. . .
▒.▒....▒▒... .
.▒.▒▒..▒
▒....▒▒.▒...▒ .
.....▒▒...▒.▒......
. ▒..▒▒.. ..▒.▒....
▒ . ....
.▒▒.▒▒...▒▒. . ▒
.▒▒.. .. ▒▒..*▒..▒
... ▒..▒ .▒ .
▒..F▒▒.▒..▒ ▒. ...
. ▒...▒.....▒ ▒
.......▒..▒▒.▒..▒.▒
...
.▒▒3..▒▒▒........ ▒
.▒.. ▒▒▒
.........▒..▒ ▒▒...
▒....▒...... ▒ .▒..
▒.▒.▒.▒.▒...▒ ▒..▒
. ▒..▒... . . .
......


You could see a wretched star.


Message History

The rakshasa is severely wounded.
You closely miss the rakshasa.
The rakshasa is severely wounded.
The wall freezes the rakshasa.
You kill the rakshasa!
The wall freezes the rakshasa!
The rakshasa weaves an illusion.
The wretched star shimmers and seems to become two!
The rakshasa hits you from afar with a +0 trident!
* * * LOW HITPOINT WARNING * * *
The wretched star resists.
The wall freezes the wretched star.
You puncture the rakshasa!
You kill the rakshasa!
Vehumet accepts your kill.
The rakshasa shimmers and vanishes!
Unknown command.
The wretched star resists.
The wall freezes the wretched star.
The wretched star glows turbulently.
The lance of force hits you!!
* * * LOW HITPOINT WARNING * * *
You are knocked back by the lance of force.
You slam into the stone wall!
* * * LOW HITPOINT WARNING * * *
The wretched star resists.
The wall freezes the wretched star.
The wretched star glows turbulently.
The lance of force hits you!!
You die...

Action                   |  1- 3 |  4- 6 |  7- 9 | 10-12 | 13-15 || total
-------------------------+-------+-------+-------+-------+-------++-------
Melee: Short sword       |    52 |     7 |       |       |   503 ||   562
       Dagger            |       |    22 |    81 |       |       ||   103
       Mace              |       |       |     1 |   271 |       ||   272
       Unarmed           |       |       |       |     1 |       ||     1
       Scimitar          |       |       |       |    64 |    17 ||    81
       Great mace        |       |       |       |    17 |     2 ||    19
 Fire: Hunting sling     |       |    75 |   105 |     4 |       ||   184
Throw: Stone             |       |       |       |     2 |     2 ||     4
 Cast: Freeze            |    21 |    17 |     9 |    94 |    29 ||   170
       Frozen Ramparts   |       |     6 |    19 |    58 |    45 ||   128
       Ozocubu's Armour  |       |       |     4 |    27 |    30 ||    61
       Summon Ice Beast  |       |       |     1 |     8 |    12 ||    21
 Abil: Hop               |       |       |       |     1 |     3 ||     4
Evoke: Wand              |       |       |       |     2 |    11 ||    13
  Use: Scroll            |       |       |    10 |    10 |     3 ||    23
       Potion            |       |       |       |       |     2 ||     2
 Stab: Sleeping          |     3 |     1 |     1 |     6 |       ||    11
       Distracted        |       |       |       |     5 |     2 ||     7
       Paralysed         |       |       |       |       |     1 ||     1
  Eat: Ration            |     1 |     3 |     4 |     9 |     5 ||    22
Armor: Robe              |    14 |     3 |       |       |       ||    17
       Leather armour    |       |       |    25 |    81 |       ||   106
       Troll leather arm |       |       |       |     6 |   172 ||   178
Dodge: Dodged            |    40 |    24 |   107 |   526 |   720 ||  1417
       Rpst.: Scimitar   |       |       |       |    47 |    14 ||    61

Levels and vault maps discovered:
D:1:      eino_arrival_cavern_a, layout_loops_ring, minmay_pentomino_w2
D:2:      layout_loops_ring, nicolae_gozag_zags_fifth_avenue
D:3:      layout_basic, first_ration, uniq_jessica
D:4:      layout_loops_ring, vehumet_statue, gammafunk_ghost_arena
D:5:      layout_loops_ring, nicolae_ru_the_path_less_chosen, uniq_menkaure
D:6:      layout_basic, minmay_temple_entry_grid, minmay_misc_feat_hallway,
          minivault_22, serial_bayou_pond_e, uniq_sigmund
D:7:      layout_rooms
D:8:      minmay_bloctagon_deflated, layout_gridville, david_lair_shrubbed,
          serial_shops, nicolae_shop_window_shopping, uniq_maurice
D:9:      layout_basic, zombieorc2_lemuel
D:10:     layout_loops_ring, basic_altar
D:11:     layout_loops_corners, serial_undead, serial_undead_e, serial_undead_c,
          serial_undead_e, serial_undead_a, serial_undead_e, serial_undead_a,
          uniq_erica
Lair:1:   layout_regular_city, grunt_megastairs_4
Lair:2:   layout_cave_pods, spider_nest_entry_web_field,
          ebering_ghost_rock_garden, lemuel_fruit_tree
Lair:3:   layout_chaotic_city, st_stairs_12, uniq_snorg
Lair:4:   layout_regular_city, minmay_shoals_entry_hut,
          minmay_lair_oklob_chamber
Lair:5:   layout_loops_ring, nicolae_slime_entry_slimehenge,
          gauntlet_entry_generic, serial_bayou_pond_d, lemuel_fruit_fields
Lair:6:   evil_forest, layout_cave_pods, grunt_megastairs_5
Orc:1:    layout_caves, gammafunk_ghost_smash, uniq_sonja
Orc:2:    kennysheep_orc_mage_school, layout_diamond_mine, serial_shops,
          nicolae_shop_stone, bloody_trog
Abyss:1:  base:
D:12

Notes
Turn   | Place    | Note
-------+----------+-------------------------------------------
     0 | D:1      | sanka the Barachi Ice Elementalist began the quest for the
                  | Orb.
     0 | D:1      | Reached XP level 1. HP: 13/13 MP: 3/3
   174 | D:1      | Reached skill level 5 in Ice Magic
   254 | D:1      | Reached XP level 2. HP: 19/19 MP: 2/5
   960 | D:2      | Reached XP level 3. HP: 23/24 MP: 5/7
  1006 | D:2      | Found Gozag's Platinum Reserve.
  1008 | D:2      | Found an opulent altar of Gozag.
  1024 | D:2      | Reached skill level 3 in Spellcasting
  1226 | D:2      | Learned a level 3 spell: Frozen Ramparts
  1230 | D:2      | Learned a level 3 spell: Ozocubu's Armour
  1931 | D:2      | Reached skill level 6 in Ice Magic
  2065 | D:2      | Reached XP level 4. HP: 30/30 MP: 8/8
  2613 | D:3      | Noticed Jessica
  2624 | D:3      | Killed Jessica
  2755 | D:3      | Reached skill level 7 in Ice Magic
  2755 | D:3      | Reached XP level 5. HP: 24/35 MP: 7/9
  3579 | D:4      | Noticed an ice beast
  3595 | D:4      | Found a transporter.
  3595 | D:4      | Noticed Nebesus's ghost (amateur DrFi)
  3621 | D:4      | Got a glittering marble ring
  3628 | D:4      | Got a brightly glowing dagger
  3629 | D:4      | Identified the +8 dagger "Hanez" {antimagic, *Slow rElec
                  | rC+++ Int+4} (You found it on level 4 of the Dungeon)
  3630 | D:4      | Identified the ring of Zuamou {rN+ Dex+4 Slay+4} (You found
                  | it on level 4 of the Dungeon)
  3768 | D:4      | Reached skill level 8 in Ice Magic
  3768 | D:4      | Reached XP level 6. HP: 35/41 MP: 3/10
  3848 | D:4      | Found a radiant altar of Vehumet.
  3861 | D:4      | Reached skill level 3 in Dodging
  3865 | D:4      | Became a worshipper of Vehumet
  4025 | D:4      | Found a transporter.
  4331 | D:5      | Entered Level 5 of the Dungeon
  4557 | D:5      | Reached skill level 4 in Dodging
  4744 | D:5      | Reached XP level 7. HP: 33/46 MP: 7/11
  5035 | D:5      | Noticed Menkaure
  5043 | D:5      | Killed Menkaure
  5043 | D:5      | Reached skill level 5 in Dodging
  5633 | D:5      | Found a sacrificial altar of Ru.
  5887 | D:6      | Reached skill level 6 in Dodging
  5887 | D:6      | Reached skill level 9 in Ice Magic
  5988 | D:6      | Found a staircase to the Ecumenical Temple.
  5996 | D:6      | Reached XP level 8. HP: 52/52 MP: 8/12
  6226 | D:6      | Reached skill level 7 in Dodging
  6283 | D:6      | Learned a level 4 spell: Summon Ice Beast
  6329 | D:6      | Reached * piety under Vehumet
  6329 | D:6      | Offered knowledge of Foxfire by Vehumet.
  6464 | D:6      | Reached skill level 1 in Summonings
  6791 | D:6      | Noticed Sigmund
  6800 | D:6      | Killed Sigmund
  6800 | D:6      | Reached skill level 2 in Summonings
  7163 | D:6      | Got a transparent granite ring
  7165 | D:6      | Identified the ring of the Slug {rN+ Str+2} (You found it
                  | on level 6 of the Dungeon)
  7436 | D:7      | Reached skill level 8 in Dodging
  7464 | D:7      | Reached XP level 9. HP: 57/57 MP: 3/14
  7492 | D:7      | Reached skill level 4 in Spellcasting
  7492 | D:7      | Reached skill level 10 in Ice Magic
  7648 | D:7      | Reached skill level 3 in Summonings
  7886 | D:7      | Reached skill level 9 in Dodging
  8065 | D:8      | Noticed a manticore
  8071 | D:8      | Killed a manticore
  8071 | D:8      | Reached skill level 4 in Summonings
  8081 | D:8      | Learned a level 4 spell: Hailstorm
  8246 | D:8      | Found a staircase to the Lair.
  8247 | D:8      | Noticed a komodo dragon
  8261 | D:8      | Reached skill level 5 in Spellcasting
  8389 | D:8      | Reached skill level 1 in Fighting
  8397 | D:8      | Reached skill level 1 in Conjurations
  8641 | D:8      | Noticed a two-headed ogre
  8650 | D:8      | Killed a two-headed ogre
  8650 | D:8      | Reached skill level 2 in Fighting
  8650 | D:8      | Reached skill level 2 in Conjurations
  8650 | D:8      | Reached skill level 11 in Ice Magic
  8650 | D:8      | Reached XP level 10. HP: 58/67 MP: 7/18
  8894 | D:8      | Reached ** piety under Vehumet
  8897 | D:8      | Offered knowledge of Searing Ray by Vehumet.
  8899 | D:8      | Reached skill level 3 in Fighting
  9072 | D:8      | Noticed Maurice
  9088 | D:8      | Killed Maurice
  9088 | D:8      | Reached skill level 10 in Dodging
  9088 | D:8      | Reached skill level 3 in Conjurations
  9142 | D:8      | Found Zocromp's Magic Scroll Boutique.
  9161 | D:8      | Bought a scroll of fear for 42 gold pieces
  9263 | D:8      | Noticed a centaur warrior
  9269 | D:8      | Killed a centaur warrior
  9269 | D:8      | Reached skill level 4 in Fighting
  9269 | D:8      | Reached skill level 6 in Spellcasting
  9269 | D:8      | Reached skill level 4 in Conjurations
  9432 | D:8      | Bought a scroll of teleportation for 36 gold pieces
  9432 | D:8      | Bought a scroll of identify for 24 gold pieces
  9432 | D:8      | Bought a scroll of identify for 24 gold pieces
  9432 | D:8      | Bought a scroll of enchant armour for 90 gold pieces
  9432 | D:8      | Bought a scroll of enchant weapon for 90 gold pieces
  9432 | D:8      | Identified a potion of resistance
  9827 | D:9      | Offered knowledge of Mephitic Cloud by Vehumet.
  9850 | D:9      | Reached *** piety under Vehumet
  9881 | D:9      | Found a staircase to the Orcish Mines.
  9886 | D:9      | Reached skill level 5 in Fighting
 10270 | D:9      | Offered knowledge of Fulminant Prism by Vehumet.
 10731 | D:9      | Reached skill level 12 in Ice Magic
 11114 | D:10     | Entered Level 10 of the Dungeon
 11119 | D:10     | Reached XP level 11. HP: 76/81 MP: 14/20
 11226 | D:10     | Reached **** piety under Vehumet
 11226 | D:10     | Reached skill level 6 in Fighting
 11226 | D:10     | Reached skill level 11 in Dodging
 11467 | D:10     | Reached skill level 7 in Fighting
 11535 | D:10     | Found a glowing golden altar of the Shining One.
 11760 | D:11     | Offered knowledge of Sticky Flame by Vehumet.
 12058 | D:11     | Noticed a two-headed ogre
 12061 | D:11     | Killed a two-headed ogre
 12061 | D:11     | Reached skill level 8 in Fighting
 12335 | D:11     | Noticed Erica
 12348 | D:11     | Killed Erica
 12348 | D:11     | Reached skill level 12 in Dodging
 12563 | D:11     | Noticed a two-headed ogre
 12569 | D:11     | Killed a two-headed ogre
 12569 | D:11     | Reached skill level 9 in Fighting
 12894 | D:11     | Killed an unseen horror
 13193 | Lair:1   | Entered Level 1 of the Lair of Beasts
 13291 | Lair:1   | Reached skill level 10 in Fighting
 13291 | Lair:1   | Reached XP level 12. HP: 89/97 MP: 16/21
 13652 | Lair:1   | Reached skill level 13 in Dodging
 14678 | Lair:2   | Got a shimmering great mace
 14679 | Lair:2   | Identified the cursed +2 great mace of Lavae {vorpal, rN+
                  | Dex+6} (You found it on level 2 of the Lair of Beasts)
 14707 | Lair:2   | Reached skill level 11 in Fighting
 14796 | Lair:2   | Found a runed translucent gate.
 14796 | Lair:2   | Found a runed translucent gate.
 14797 | Lair:2   | Found a runed translucent gate.
 14954 | Lair:2   | Noticed Gibetzo's ghost (journeyman GnSk)
 15051 | Lair:2   | Noticed a catoblepas
 15062 | Lair:2   | Killed a catoblepas
 15319 | Lair:2   | Found a hole to the Spider Nest.
 15839 | Lair:3   | Noticed Snorg
 15853 | Lair:3   | Killed Snorg
 16150 | Lair:3   | Reached skill level 14 in Dodging
 16658 | Lair:4   | Reached skill level 12 in Fighting
 17557 | Lair:4   | Found a staircase to the Shoals.
 17568 | Lair:4   | Gained mutation: You can hop long distances. [Barachi
                  | growth]
 17568 | Lair:4   | Reached XP level 13. HP: 109/109 MP: 12/22
 17678 | Lair:4   | Reached skill level 13 in Fighting
 18176 | Lair:5   | Found a staircase to the Slime Pits.
 18227 | Lair:5   | Found a gate leading to a gauntlet.
 18301 | Lair:5   | Reached skill level 15 in Dodging
 18303 | Lair:5   | Reached ***** piety under Vehumet
 18364 | Lair:5   | Got a pitted short sword
 18365 | Lair:5   | Identified the +12 short sword of Undoing {pain, Str+10
                  | SInv Stlth-} (You found it on level 5 of the Lair of
                  | Beasts)
 18370 | Lair:5   | Learned a level 1 spell: Animate Skeleton
 18787 | Lair:6   | Entered Level 6 of the Lair of Beasts
 18844 | Lair:6   | Offered knowledge of Spellforged Servitor by Vehumet.
 18844 | Lair:6   | Reached skill level 1 in Short Blades
 18844 | Lair:6   | Reached skill level 1 in Necromancy
 18857 | Lair:6   | Reached skill level 2 in Short Blades
 18902 | Lair:6   | Reached skill level 2 in Necromancy
 18914 | Lair:6   | Reached skill level 3 in Short Blades
 18930 | Lair:6   | Reached skill level 14 in Fighting
 18998 | Lair:6   | Reached skill level 3 in Necromancy
 19021 | Lair:6   | Reached skill level 4 in Short Blades
 19238 | Lair:6   | Reached skill level 4 in Necromancy
 19250 | Lair:6   | Reached skill level 5 in Short Blades
 19448 | Lair:6   | Reached XP level 14. HP: 121/121 MP: 23/23
 19464 | Lair:6   | Reached skill level 6 in Short Blades
 19464 | Lair:6   | Reached skill level 5 in Necromancy
 19695 | Lair:6   | Noticed a dire elephant
 19706 | Lair:6   | Killed a dire elephant
 19707 | Lair:6   | Reached skill level 15 in Fighting
 20082 | Lair:6   | Found a burning altar of Makhleb.
 20088 | Lair:6   | Reached skill level 7 in Short Blades
 20112 | Lair:6   | Offered knowledge of Bolt of Magma by Vehumet.
 20445 | Lair:6   | Reached skill level 6 in Necromancy
 20516 | Lair:6   | Found a gateway to Hell.
 20526 | Lair:6   | Got a crystal short sword
 20527 | Lair:6   | Identified the +8 short sword of Amorality {freeze, rC+
                  | Str+4 Int+2 Dex-4} (You found it on level 6 of the Lair of
                  | Beasts)
 20804 | Orc:1    | Entered Level 1 of the Orcish Mines
 20940 | Orc:2    | Entered Level 2 of the Orcish Mines
 20940 | Orc:2    | Found Rilier's Antique Armour Shop.
 20940 | Orc:2    | Found a staircase to the Elven Halls.
 21104 | Orc:2    | Found a bloodstained altar of Trog.
 21366 | Orc:2    | Found Fime's Distillery.
 21429 | Orc:2    | Found a radiant altar of Vehumet.
 21469 | Orc:2    | Identified a +1 robe of resistance
 21470 | Orc:2    | Found an ancient bone altar of Kikubaaqudgha.
 21505 | Orc:2    | Found a roughly hewn altar of Beogh.
 21510 | Orc:2    | Found Heinul's Gadget Boutique.
 21510 | Orc:2    | Found Qupnukka's Antique Weapon Shop.
 21525 | Orc:2    | Paralysed by an orc sorcerer for 4 turns
 21531 | Orc:2    | Reached skill level 8 in Short Blades
 21541 | Orc:2    | Found Jeteus's Antique Weapon Boutique.
 21851 | Orc:2    | Noticed an orc warlord
 21870 | Orc:2    | Offered knowledge of Iskenderun's Battlesphere by Vehumet.
 21875 | Orc:2    | Killed an orc warlord
 22242 | Orc:1    | Noticed Sonja
 22258 | Orc:1    | Cast into level 1 of the Abyss (Sonja)
 22327 | Abyss:1  | Noticed an Executioner
 22540 | Abyss:1  | Noticed a tentacled starspawn
 22544 | Abyss:1  | Noticed a bone dragon
 22548 | Abyss:1  | Reached skill level 7 in Necromancy
 22595 | Abyss:1  | Got a pair of jewelled gloves
 22607 | Abyss:1  | HP: 10/124 [wretched star/lance of force (19)]
 22607 | Abyss:1  | Killed from afar by a wretched star

Vanquished Creatures
  An orc warlord (Orc:2)
  A dire elephant (Lair:6)
  Snorg (Lair:3)
  An ogre mage (Orc:2)
  A rakshasa (Abyss:1)
  5 hydras (Lair:6)
  A centaur warrior (D:8)
  A catoblepas (Lair:2)
  Erica (D:11)
  A two-headed ogre (D:11)
  A thrashing horror (Abyss:1)
  A sixfirhy (Lair:6)
  An unseen horror (D:11)
  A wizard (Lair:6)
  An orc knight (Orc:2)
  10 orc sorcerers (Orc:2)
  A manticore (D:8)
  A worldbinder (Abyss:1)
  Maurice (D:8)
  19 elephants
  7 black mambas
  2 torpor snails
  An orange demon (Lair:6)
  6 cane toads
  2 rime drakes (Lair:6)
  4 ice devils (Lair:6)
  6 komodo dragons
  An ancient zyme (Abyss:1)
  A hellwing (Lair:6)
  A red devil (Lair:6)
  3 trolls (Orc:2)
  3 polar bears (Lair:6)
  10 blink frogs
  10 dream sheep (Lair:4)
  5 hippogriffs
  Sigmund (D:6)
  A meliai zombie (D:11)
  A snapping turtle (Lair:4)
  A flying skull (Abyss:1)
  2 wyverns
  25 yaks
  A wraith (D:10)
  2 shadows
  2 basilisks
  Menkaure (D:5)
  2 wargs (Orc:2)
  3 hell hounds (Lair:6)
  8 porcupines
  20 water moccasins
  8 orc warriors
  2 hornet zombies
  2 sky beasts
  2 necrophages
  3 black bears
  8 wolves
  3 phantoms
  10 ogres
  14 crocodiles
  7 bullfrogs
  A big kobold (D:8)
  3 scorpions
  2 troll zombies (D:9)
  3 killer bees (D:8)
  17 wights
  A howler monkey (D:11)
  An electric eel (Lair:4)
  3 hounds
  2 bullfrog skeletons
  4 centaur zombies
  4 jellies
  A gnoll shaman (D:9)
  13 orc priests
  32 orc wizards
  3 centaur skeletons
  Jessica (D:3)
  A statue (D:4)
  2 worker ants
  A killer bee zombie (D:7)
  6 ogre zombies (D:9)
  4 hound skeletons
  A howler monkey zombie (D:7)
  A worker ant zombie (D:11)
  A mummy (D:11)
  11 gnolls
  11 adders
  A shadow imp (D:5)
  6 oozes
  An adder skeleton (D:4)
  2 worms (D:2)
  3 leopard geckos
  56 orcs
  A ball python (D:1)
  6 bats
  4 giant cockroaches
  6 goblins
  10 hobgoblins
  4 jackals
  6 quokkas
  3 frilled lizards
  A goblin zombie (D:9)
  2 hobgoblin zombies (D:9)
  A jackal skeleton (D:6)
  8 kobolds
  A leopard gecko skeleton (D:6)
  3 orc skeletons (D:9)
  19 orc zombies (D:9)
  8 rats
  A butterfly (Lair:5)
525 creatures vanquished.

Vanquished Creatures (collateral kills)
  2 two-headed ogres
  An elephant (Lair:6)
  A yak (Lair:6)
  2 water moccasins (Lair:6)
  4 necrophages (D:11)
  A crocodile (Lair:6)
11 creatures vanquished.

Vanquished Creatures (others)
  4 fungi (Lair:6)
  19 plants
  5 starspawn tentacles (Abyss:1)
28 creatures vanquished.

Grand Total: 564 creatures vanquished
